AoeStats
← Ilum | Gordin Hood

Arabia

506274241Analyzed
1v1 RM · 20d ago on Sep 13, 2026· 30m 49s· 2 players
Game mode
Random Map
Map size
Tiny (2 player)
Population
200
Speed
Normal
Resources
Standard
Victory
Conquest
Starting age
Dark Age
Ending age
Imperial Age
RankedLock teamsTeams togetherTeam positionsShared explorationLock speedFull tech treeHidden civsTurbo modeCheats
Victory
Defeat
🇦🇷 Aztecs · Argentina
2314
+6
🇦🇷 Dravidians · Argentina
2064
-6
Pato Lucas
6:34 Loom
8:47 Feudal Age
9:36 Double-Bit Axe
12:46 Town Watch
19:13 Castle Age
17:12 Horse Collar
17:23 Gold Mining
18:18 Fletching
19:47 Scale Mail Armor
20:37 Bow Saw
20:56 Forging
20:47 Squires
Ilum | Gordin Hood
7:09 Loom
10:55 Feudal Age
14:38 Castle Age
12:41 Double-Bit Axe
15:35 Bow Saw
21:04 Wheelbarrow
24:06 Scale Mail Armor
24:22 Town Watch
25:45 Chain Mail Armor
27:51 Squires
Connection lost

Rejoining the realm…

Still unreachable

The connection could not be restored.

Session expired

The server has moved on; the page needs a fresh start.